 Dungeon Crawl Stone Soup version 0.28-a0-706-gf6f64a616a (webtiles) character file.

Game seed: 5481132542433407107

581 lawman0 the Sneak (level 7, 0/49 HPs)
             Began as a Djinni Enchanter on Oct 24, 2021.
             Slain by a mummy (16 damage)
             ... in an ossuary.
             The game lasted 00:11:54 (6177 turns).

lawman0 the Sneak (Djinni Enchanter)                Turns: 6177, Time: 00:11:54

Health: 0/49       AC:  3    Str:  7    XL:     7   Next: 63%
Gold:   120        EV: 12    Int: 19    God:
                   SH:  0    Dex: 13

rFire   + + .      SeeInvis +   t - +0 short sword (venom)
rCold   x . .      Faith    .   (no shield)
rNeg    . . .      Spirit   .   e - +0 leather armour
rPois   ∞          Reflect  .   (no helmet)
rElec   .          Harm     .   (no cloak)
rCorr   .          Rampage  .   (no gloves)
Will    .....                   (boots unavailable)
Stlth   +++.......              (no amulet)
HPRegen 0.16/turn               j - ring of see invisible
MPRegen 0.00/turn               (no ring)

@: marked, flying, hasted, studying Dodging, very quick
A: sickness immunity, fire resistance 2, cold vulnerability 1, float, innate
caster, hp casting, extra vitality 1
a: no special abilities


You were in an ossuary.
You visited 1 branch of the dungeon, and saw 5 of its levels.
You also visited: Ossuary.

You collected 180 gold pieces.
You spent 60 gold pieces at shops.

Inventory:

Hand Weapons
 a - a +1 dagger
 b - a +0 long sword
 t - a +0 short sword of venom (weapon)
Missiles
 f - 4 datura-tipped darts
Armour
 e - a +0 leather armour (worn)
Magical Staves
 p - a staff of conjuration
Jewellery
 j - a ring of see invisible (left hand)
 r - a ring of fire
Scrolls
 c - a scroll of enchant armour {unknown}
 d - a scroll of enchant weapon
 h - 2 scrolls of teleportation
 k - 3 scrolls of fear
Potions
 g - a potion of heal wounds
 l - a potion of resistance


   Skills:
 * Level 2.4 Fighting
 * Level 2.4 Short Blades
 + Level 2.1 Armour
 + Level 3.5 Dodging
 * Level 5.0 Stealth
 + Level 3.2 Spellcasting


You couldn't memorise any spells.
You knew the following spells:

 Your Spells              Type           Power      Damage    Failure   Level
a - Ensorcelled Hibernat  Hex/Ice        30%        N/A       9%          2
b - Confusing Touch       Hex            15%        N/A       17%         3
c - Tukima's Dance        Hex            15%        N/A       17%         3
d - Dazzling Flash        Conj/Hex       30%        N/A       17%         3
e - Apportation           Tloc           30%        N/A       5%          1
f - Static Discharge      Conj/Air       15%        N/A       9%          2
g - Corpse Rot            Necr/Air       30%        N/A       9%          2
Your spell library was empty.

Dungeon Overview and Level Annotations

Branches:
Dungeon (5/15)            Ossuary (1/1)
 Temple: D:4-7

Altars:

Shops:
D:2 !   D:5 [

Annotations:
D:3 3 runed translucent doors, KoroneIsBestGirl's ghost, amateur BaIE


Innate Abilities, Weirdness & Mutations

You are immune to sickness and miasma.
You are immune to poison.
Your flesh is very heat resistant. (rF++)
You are vulnerable to cold. (rC-)
You float through the air rather than walking.
You learn spells naturally, not from books.
Your magical power is your life essence.
You have superior vitality. (+4 HP)


Message History

Found a murky brown potion and a scroll of fear.
Found a scroll of fear and a scroll of fog.
Found a potion of resistance and a scroll of enchant weapon.
Found a gate leading back out of this place.
You see here a potion of heal wounds.
g - a potion of heal wounds The mummy drops a net on you.
You become entangled in the net!
You tear a large gash into the net.
Unknown command.
There are no objects that can be picked up here. a throwing net
There are no objects that can be picked up here. a throwing net You struggle against the net.
You rip the net and break free!
The hobgoblin zombie fails to trigger a net trap.
You see here a murky brown potion.
i - a murky brown potion You see here a scroll of fear.
k - a scroll of fear You see here a potion of resistance.
l - a potion of resistance You aren't carrying any items that you can evoke.
It was a potion of haste.
You feel yourself speed up. The hobgoblin zombie hits you.
The mummy drops a net on you.
You become entangled in the net!
You see here a throwing net.
You tear a large gash into the net.
You struggle against the net.
The hobgoblin zombie hits you.
You struggle against the net.
Unknown command.
You rip the net and break free!
The hobgoblin zombie closely misses you.
Unknown command.
You see here a scroll of fear.
k - 2 scrolls of fear (gained 1)
You see here a scroll of fear.
k - 3 scrolls of fear (gained 1)
The mummy hits you!
You die...

##.^^.^##
#..^^.^.#
##.^...##
#.^^..^.#
##.^...##
#...^...#
##.^^^^##
##.^.^.##
#@......#
#.M.M...#
#?Z.....#
#?......#
##.....##
##...##
##∩## ###


You could see 2 mummies and a hobgoblin zombie.

Vanquished Creatures
  A scorpion (D:4)
  4 centaur zombies (Ossuary)
  An orc priest (D:4)
  A bullfrog skeleton (D:5)
  A jelly (D:5)
  2 iguanas
  An orc wizard (D:4)
  3 mummies (Ossuary)
  11 adders
  A white imp (D:5)
  A dart slug (D:1)
  6 orcs (D:4)
  7 ball pythons
  7 endoplasms
  3 giant cockroaches
  5 hobgoblins
  2 quokkas (D:1)
  5 bats
  8 goblins
  3 hobgoblin zombies (Ossuary)
  8 kobolds
  6 rats
87 creatures vanquished.

Notes
Turn   | Place    | Note
-------+----------+-------------------------------------------
     0 | D:1      | lawman0 the Djinni Enchanter began the quest for the Orb.
     0 | D:1      | Reached XP level 1. HP: 15/15 MP: 0/0
   340 | D:1      | Reached skill level 1 in Short Blades
   402 | D:1      | Reached XP level 2. HP: 5/21 MP: 0/0
  1261 | D:1      | Reached XP level 3. HP: 6/26 MP: 0/0
  1261 | D:1      | Learned a level 1 spell: Apportation
  2143 | D:2      | Found a faded altar of an unknown god.
  2253 | D:2      | Reached skill level 3 in Stealth
  3184 | D:2      | Found Zicveo's Distillery.
  3193 | D:2      | Bought a potion of heal wounds for 60 gold pieces
  3417 | D:3      | Reached XP level 4. HP: 29/31 MP: 0/0
  3662 | D:3      | Found a runed translucent gate.
  3663 | D:3      | Found a runed translucent gate.
  3664 | D:3      | Found a runed translucent gate.
  3664 | D:3      | Noticed KoroneIsBestGirl's ghost (amateur BaIE)
  3665 | D:3      | Noticed a kobold brigand
  3726 | D:3      | Reached skill level 1 in Armour
  3953 | D:3      | Reached XP level 5. HP: 19/36 MP: 0/0
  3953 | D:3      | Learned a level 2 spell: Static Discharge
  4252 | D:3      | Reached skill level 1 in Fighting
  4482 | D:4      | Reached skill level 4 in Stealth
  4482 | D:4      | Reached XP level 6. HP: 9/42 MP: 0/0
  5985 | D:5      | Entered Level 5 of the Dungeon
  5990 | D:5      | Found Enyoll's Antique Armour Shop.
  6010 | D:5      | Reached XP level 7. HP: 28/49 MP: 0/0
  6010 | D:5      | Learned a level 2 spell: Corpse Rot
  6053 | D:5      | Found a sand-covered staircase.
  6058 | Ossuary  | Entered an ossuary
  6068 | Ossuary  | Identified a scroll of acquirement
  6068 | Ossuary  | Acquired a manual of Dodging
  6096 | Ossuary  | Reached skill level 5 in Stealth
  6100 | Ossuary  | HP: 1/49 [mummy (10)]
  6177 | Ossuary  | Slain by a mummy

Illustrated notes

Levels and vault maps discovered:
D:1:      dpeg_arrival_more_subterranean_lakeside_camping, layout_loops_ring,
          minmay_tetromino_t4
D:2:      layout_loops_ring, serial_shops, shop,
          hellmonk_ecumenical_altar_prayer_group, kennysheep_donut
D:3:      layout_rooms, gammafunk_ghost_nasty_kobolds,
          kennysheep_generic_room_13
D:4:      layout_layer_cave, minmay_misc_feat_four_crosses
D:5:      layout_basic, temple_pool_b, enter_ossuary_5, eino_tiny_chamber,
          st_stairs_8, corexii_hall_statues_x, nicolae_stop_n_shop_1
Ossuary:  ossuary_the_hunt_dpeg

Skill      XL: |  1  2  3  4  5  6  7 |
---------------+----------------------+-----
Short Blades   | 1 2 |  2.4
Stealth        | 3 4 5 |  5.0
Armour         | 1 2 |  2.1
Fighting       | 1 2 |  2.4
Spellcasting   | 3 |  3.2
Dodging        | 3 |  3.5

Action                   |  1- 3 |  4- 6 |  7- 9 || total
-------------------------+-------+-------+-------++-------
Melee: Dagger            |    68 |    51 |       ||   119
       Long sword        |     9 |     7 |       ||    16
       Short sword       |       |    27 |    14 ||    41
 Cast: Ensorcelled Hiber |    36 |    52 |     2 ||    90
       Static Discharge  |       |     5 |       ||     5
  Use: Potion            |     1 |     4 |     4 ||     9
       Scroll            |     2 |     1 |     6 ||     9
 Stab: Sleeping          |    27 |    27 |     1 ||    55
       Invisible         |       |     3 |       ||     3
Armor: Leather armour    |    17 |    18 |     8 ||    43
       Robe              |     1 |       |       ||     1
       Skin              |       |       |    17 ||    17
Dodge: Dodged            |    43 |    72 |    25 ||   140

Table legend: (Time is in decaauts)
 A = Elapsed time spent in this place.
 B = Non-inter-level travel time spent in this place.
 C = Inter-level travel time spent in this place.
 D = Time resting spent in this place.
 E = Time spent auto-exploring this place.
 F = Levels seen in this place.
 G = Mean time per level.
                   A        B        C        D        E       F      G
               +--------+--------+--------+--------+--------+-----+--------+
         Total |   6165 |   6013 |    152 |   2148 |   2837 |   6 | 1027.5 |
       Dungeon |   6050 |   5898 |    152 |   2132 |   2837 |   5 | 1210.0 |
       Ossuary |    114 |    114 |      0 |     16 |      0 |   1 |  114.0 |
               +--------+--------+--------+--------+--------+-----+--------+

Top non-repeatable levels by time:
     D:1: 1819 daAuts
     D:2: 1585 daAuts
     D:3: 1350 daAuts
     D:4: 1223 daAuts
 Ossuary: 114 daAuts
     D:5: 72 daAuts
